 Dungeon Crawl Stone Soup version 0.22.1-1-ga44c0e5 (webtiles) character file.

2434 Anon1729 the Cleaver (level 9, -2/86 HPs)
             Began as a Naga Gladiator on Oct 6, 2018.
             Slain by an orc (3 damage)
             ... on level 9 of the Dungeon.
             The game lasted 00:16:39 (7256 turns).

Anon1729 the Cleaver (Naga Gladiator)               Turns: 7256, Time: 00:16:39

Health: -2/86      AC:  9    Str: 19    XL:     9   Next: 49%
Magic:  9/9        EV: 10    Int: 10    God:
Gold:   334        SH:  0    Dex: 12    Spells: 8/8 levels left

rFire    . . .     SeeInvis +   a - +1 war axe
rCold    + + .     Gourm    .   (no shield)
rNeg     . . .     Faith    .   b - +0 leather armour
rPois    +         Spirit   .   c - +2 helmet
rElec    .         Reflect  .   (no cloak)
rCorr    .         Harm     .   z - +1 pair of gloves
MR       +....                  (no barding)
Stlth    +.........             (no amulet)
HPRegen  0.24/turn              x - ring of protection from cold
MPRegen  0.11/turn              t - ring of protection from cold

@: very slightly contaminated, invisible, very slow
A: large, see invisible, deformed body, poison resistance, slowness 2, slow
metabolism 1, spit poison 1, AC +3
a: Spit Poison


You were on level 9 of the Dungeon.
You were not hungry.

You visited 1 branch of the dungeon, and saw 9 of its levels.
You also visited: Ossuary.

You collected 379 gold pieces.
You spent 45 gold pieces at shops.

Inventory:

Hand Weapons
 a - a +1 war axe (weapon)
 g - a cursed +0 spear
Missiles
 d - 2 throwing nets (quivered)
 q - 18 tomahawks
Armour
 b - a +0 leather armour (worn)
 c - a +2 helmet (worn)
 z - a +1 pair of gloves (worn)
Jewellery
 h - an uncursed ring of resist corrosion
 t - a ring of protection from cold (right hand)
 x - a ring of protection from cold (left hand)
Scrolls
 k - a scroll of magic mapping
 m - 3 scrolls of remove curse
 y - 4 scrolls of noise
 G - a scroll of fog
Potions
 j - 2 potions of degeneration {unknown}
 o - a potion of agility
 p - a potion of curing
 r - 2 potions of brilliance {unknown}
 v - a potion of resistance {unknown}
 B - a potion of magic
 C - a potion of ambrosia {unknown}
 E - a potion of might {unknown}
 F - a potion of flight {unknown}
Comestibles
 f - 12 rations


   Skills:
 + Level 7.3 Fighting
 * Level 10.4 Axes
 - Level 2.0 Throwing
 - Level 3.0 Dodging


You had 8 spell levels left.
You didn't know any spells.
Your spell library contained the following spells:

 Spells                   Type           Power        Failure   Level  Hunger
 Confusing Touch          Hex            #.....       41%         1    ##.....
 Sandblast                Erth           #.....       41%         1    ##.....
 Passwall                 Tmut/Erth      #.......     56%         2    ###....
 Confuse                  Hex            #.......     80%         3    ####...
 Gell's Gravitas          Tloc           #.........   80%         3    ####...
 Stone Arrow              Conj/Erth      #.....       80%         3    ####...
 Petrify                  Tmut/Erth      #.......     99%         4    #####..
 Lee's Rapid Deconstruct  Erth           #.........   100%        5    ######.
 Metabolic Englaciation   Hex/Ice        #.........   100%        5    ######.
 Yara's Violent Unravell  Hex/Tmut       #.........   100%        5    ######.


Dungeon Overview and Level Annotations

Branches:
Dungeon (9/15)
 Temple: D:4-7         Lair: D:8-11         Orc: D:9-12

Altars:
Gozag
Makhleb
The Shining One

Shops:
D:4 [

Annotations:
D:6 Sigmund
D:7 Prince Ribbit


Innate Abilities, Weirdness & Mutations

You cannot wear boots.
Your serpentine skin is tough. (AC +3)
You have supernaturally acute eyesight. (SInv)
Armour fits poorly on your strangely shaped body.
Your system is resistant to poisons. (rPois)
You cover ground very slowly.
You have a slow metabolism.
You can spit poison.


Message History

The orc warrior hits you but does no damage.
The hippogriff closely misses you. The hippogriff pecks you.
* * * LOW HITPOINT WARNING * * *
The hippogriff claws you.
* * * LOW HITPOINT WARNING * * *
Unknown command.
As you read the scroll labeled ACRUSE YNNY, it crumbles to dust.
It is a scroll of amnesia.
You feel forgetful for a moment. The orc closely misses you.
The hippogriff bites you but does no damage.
The hippogriff barely misses you.
The hippogriff claws you but does no damage.
Unknown command.
Unknown command.
Okay, then.
You aren't carrying any items that you can evoke without wielding.
Okay, then.
You fade into invisibility!
The orc hits you.
You die...

########
####......#
#......$#
#.##.##.#
##.##.#
##...#.#
##....Ho####.#
#.....@o.o..>.#
#.....o##.....#
#.#...## ......
#.##.## .o..#
#.### ..... #.#
##.# #.. [#
###. .#


You could see a hippogriff, an orc warrior and 3 orcs.

Vanquished Creatures
  Pikel (D:6)
  A wraith (Ossuary)
  An ice beast (D:7)
  2 sky beasts
  3 slaves (D:6)
  A phantom (D:4)
  An ogre (D:5)
  A centaur (D:5)
  3 bullfrogs
  3 scorpions
  A wight (D:6)
  2 howler monkeys
  A crimson imp (D:5)
  2 quasits
  A centaur zombie (D:6)
  2 hounds (D:4)
  4 orc priests
  3 orc wizards (D:5)
  A bullfrog skeleton (D:5)
  Natasha (thrice) (D:4 D:3)
  3 iguanas
  2 worker ants
  A mummy (Ossuary)
  A howler monkey zombie (D:7)
  4 adders
  4 gnolls (D:4)
  2 shadow imps (D:5)
  An ooze (D:2)
  An adder skeleton (D:7)
  4 worms
  5 dart slugs
  2 leopard geckos
  22 orcs
  3 ball pythons
  11 bats
  A giant cockroach (D:1)
  13 goblins
  10 hobgoblins
  4 jackals (D:2)
  7 kobolds
  2 quokkas
  9 frilled lizards
  8 gnoll skeletons (Ossuary)
  A jackal skeleton (D:6)
  8 kobold skeletons (Ossuary)
  9 orc skeletons (Ossuary)
  9 rats
184 creatures vanquished.

Vanquished Creatures (others)
  A slave (D:6)
  A leopard gecko skeleton (D:6)
2 creatures vanquished.

Grand Total: 186 creatures vanquished

Notes
Turn   | Place    | Note
-------+----------+-------------------------------------------
     0 | D:1      | Anon1729 the Naga Gladiator began the quest for the Orb.
     0 | D:1      | Reached XP level 1. HP: 19/19 MP: 1/1
   119 | D:1      | Reached XP level 2. HP: 17/26 MP: 2/2
   851 | D:1      | Reached XP level 3. HP: 31/32 MP: 3/3
  1376 | D:2      | Reached skill level 4 in Axes
  1376 | D:2      | Reached XP level 4. HP: 40/40 MP: 4/4
  1931 | D:3      | Reached XP level 5. HP: 31/49 MP: 5/5
  2506 | D:3      | Found an opulent altar of Gozag.
  2556 | D:3      | Reached skill level 5 in Axes
  2636 | D:3      | Found a glowing golden altar of the Shining One.
  2833 | D:3      | Reached XP level 6. HP: 55/56 MP: 6/6
  3334 | D:4      | Reached skill level 6 in Axes
  3585 | D:4      | Found Yvieguer's Armour Emporium.
  3588 | D:4      | Bought a +0 pair of gloves for 45 gold pieces
  3597 | D:4      | Reached XP level 7. HP: 50/64 MP: 7/7
  3755 | D:4      | Noticed Natasha
  3771 | D:4      | Killed Natasha
  3985 | D:4      | Noticed Natasha
  4006 | D:4      | Killed Natasha
  4044 | D:4      | Noticed Natasha
  4052 | D:3      | Killed Natasha
  4477 | D:5      | Entered Level 5 of the Dungeon
  4482 | D:5      | Reached skill level 7 in Axes
  4846 | D:5      | Found a burning altar of Makhleb.
  4879 | D:5      | Reached skill level 5 in Fighting
  5015 | D:5      | Reached XP level 8. HP: 74/74 MP: 8/8
  5209 | D:5      | Reached skill level 8 in Axes
  5890 | D:6      | Found Sietteim's Antique Armour Shoppe.
  5946 | D:6      | Noticed Pikel
  6207 | D:6      | Reached skill level 9 in Axes
  6456 | D:6      | Killed Pikel
  6456 | D:6      | Reached skill level 10 in Axes
  6456 | D:6      | Reached XP level 9. HP: 28/85 MP: 9/9
  6707 | D:6      | Noticed Sigmund
  6711 | D:7      | Noticed Prince Ribbit
  6928 | D:7      | Found a sand-covered staircase.
  6945 | Ossuary  | Entered an ossuary
  7202 | D:7      | HP: 1/86 [orc warrior/trident (17)]
  7214 | D:8      | Noticed a two-headed ogre
  7252 | D:9      | HP: 4/86 [hippogriff (8)]
  7254 | D:9      | HP: 1/86 [hippogriff (2)]
  7256 | D:9      | Slain by an orc

Skill      XL: |  1  2  3  4  5  6  7  8  9 |
---------------+----------------------------+-----
Throwing       | 2 |  2.0
Axes           | 4 5 6 7 10 | 10.4
Dodging        | 3 |  3.0
Fighting       | 3 4 5 6 7 |  7.3

Action                   |  1- 3 |  4- 6 |  7- 9 || total
-------------------------+-------+-------+-------++-------
Melee: War axe           |    78 |   181 |   405 ||   664
Throw: Throwing net      |       |       |     3 ||     3
       Tomahawk          |       |       |     1 ||     1
 Abil: Spit Poison       |       |     2 |    16 ||    18
  Use: Potion            |       |       |    14 ||    14
       Scroll            |       |       |    14 ||    14
 Stab: Sleeping          |     1 |     1 |     1 ||     3
  Eat: Chunk             |     1 |     6 |     8 ||    15
       Ration            |       |       |     1 ||     1
Armor: Leather armour    |    58 |    90 |   211 ||   359
Dodge: Dodged            |    79 |   127 |   259 ||   465
